 Dungeon Crawl Stone Soup version 0.23.2-30-g0e89c35649 (webtiles) character file.

Game seed: 15431427152133481019

568 H0rd4k the Charlatan (level 7, -2/51 HPs)
             Began as a Human Artificer on June 19, 2019.
             Slain by a killer bee (4 damage)
             ... on level 5 of the Dungeon.
             The game lasted 00:08:13 (5945 turns).

H0rd4k the Charlatan (Human Artificer)              Turns: 5945, Time: 00:08:13

Health: -2/51      AC:  8    Str: 13 (14) XL:     7   Next: 59%
Magic:  9/9        EV: 13    Int: 10 (12) God:
Gold:   156        SH:  0    Dex: 12 (13) Spells: 6/6 levels left

rFire    + . .     SeeInvis .   q - +3 whip (flame)
rCold    + . .     Gourm    .   (no shield)
rNeg     . . .     Faith    .   s - +0 leather armour {rF+}
rPois    .         Spirit   .   (no helmet)
rElec    .         Reflect  .   (no cloak)
rCorr    .         Harm     .   p - +0 pair of gloves {archery}
MR       .....                  (no boots)
Stlth    +++.......             k - amulet of regeneration
HPRegen  0.57/turn              y - ring "Babaathro" {rC+ Stlth+}
MPRegen  0.11/turn              u - +4 ring of protection

@: lethally poisoned (-2 -> -14)
A: no striking features
a: no special abilities


You were on level 5 of the Dungeon.
You were not hungry.

You visited 1 branch of the dungeon, and saw 6 of its levels.

You collected 156 gold pieces.

Inventory:

Hand Weapons
 a - a +0 short sword
 q - a +3 whip of flaming (weapon)
 D - a +0 hunting sling
Missiles
 G - 2 poisoned tomahawks
 H - 5 tomahawks (quivered)
Armour
 b - a +0 leather armour
 p - a +0 pair of gloves of archery (worn)
 s - a +0 leather armour of fire resistance (worn)
 v - a +0 pair of gloves
Jewellery
 k - an amulet of regeneration (around neck)
 u - a +4 ring of protection (right hand)
 y - the ring "Babaathro" (left hand) {rC+ Stlth+}
   (You found it on level 4 of the Dungeon)

   [ring of stealth]

   It protects you from cold.
   It makes you more stealthy.
 B - an uncursed ring of protection from cold
Wands
 d - a wand of enslavement (11)
 e - a wand of random effects (11)
 r - a wand of acid (5)
Scrolls
 g - 7 scrolls of identify
 h - a scroll of teleportation {unknown}
 i - 2 scrolls of remove curse
 j - a scroll of fear {unknown}
 o - a scroll of enchant armour {unknown}
 F - 2 scrolls of immolation {unknown}
Potions
 c - a potion of brilliance {unknown}
 l - a potion of lignification {unknown}
 m - a potion of degeneration
 n - a potion of agility {unknown}
 t - a potion of flight
 w - 3 potions of curing
 x - a potion of invisibility
 z - a potion of cancellation {unknown}
 C - a potion of heal wounds {unknown}
 E - 2 potions of might {unknown}
Comestibles
 f - 5 rations


   Skills:
 + Level 2.8 Fighting
 + Level 3.2 Short Blades
 + Level 2.6 Maces & Flails
 + Level 2.9 Armour
 + Level 3.7 Dodging
 + Level 1.6 Stealth
 + Level 3.9 Evocations


You had 6 spell levels left.
You didn't know any spells.
Your spell library was empty.

Dungeon Overview and Level Annotations

Branches:
Dungeon (6/15)
 Temple: D:4-7

Altars:
Wu Jian

Annotations:
D:3 1 runed translucent door, Crazy Yiuf
D:4 exclusion: upstairs
D:5 Dowan, Duvessa


Message History

The killer bee stings you. The killer bee barely misses you.
The killer bee stings you but does no damage.
The killer bee barely misses you.
Unknown command.
As you read the scroll labeled DOMIOSTROSM, it crumbles to dust.
It is a scroll of amnesia.
You feel forgetful for a moment.
You feel sick. The killer bee barely misses you. x2
The killer bee stings you but does no damage. x3
The killer bee closely misses you.
As you read the scroll labeled HUYT DICAFOLU, it crumbles to dust.
You feel blessed for a moment.
It was a scroll of remove curse.
You feel sick. The killer bee stings you.
* * * LOW HITPOINT WARNING * * *
The killer bee barely misses you. The killer bee stings you.
* * * LOW HITPOINT WARNING * * *
You are more poisoned.
The killer bee poisons you! The killer bee barely misses you. x2
The killer bee stings you.
You die...

......##.... .....#.... .
#........ .##.##......e
..........l.. ## ..##.# ....s
##..# ......###Yy###.....#
............#@y..#
...........lsyy###....
............#y## . ###
..........##### ..
..............# #######.##.##
...#..........# #...........#
....#..........### #.####.####.#
.................# #.##.....##.#
.................###.#.......#.#


You could see a scorpion, an iguana and 4 killer bees.

Vanquished Creatures
  An ogre (D:4)
  3 crimson imps
  A hound (D:4)
  An orc priest (D:5)
  Ijyb (D:3)
  An orc wizard (D:4)
  2 worker ants (D:4)
  A hound skeleton (D:4)
  9 adders
  A gnoll (D:1)
  A shadow imp (D:2)
  An ooze (D:3)
  3 worms
  3 dart slugs
  3 leopard geckos
  12 orcs
  2 giant cockroaches
  6 goblins
  7 hobgoblins
  4 jackals
  3 quokkas
  8 bats
  3 frilled lizards
  8 kobolds
  A quokka skeleton (D:4)
  6 rats
92 creatures vanquished.

Vanquished Creatures (collateral kills)
  A worm (D:3)
  A leopard gecko (D:1)
  A goblin (D:1)
  A bat (D:1)
4 creatures vanquished.

Vanquished Creatures (others)
  2 jackals (D:1)
2 creatures vanquished.

Grand Total: 98 creatures vanquished

Notes
Turn   | Place    | Note
-------+----------+-------------------------------------------
     0 | D:1      | H0rd4k the Human Artificer began the quest for the Orb.
     0 | D:1      | Reached XP level 1. HP: 15/15 MP: 3/3
   103 | D:1      | Reached XP level 2. HP: 4/21 MP: 4/4
   720 | D:1      | Reached XP level 3. HP: 18/26 MP: 5/5
  1241 | D:2      | Reached XP level 4. HP: 19/32 MP: 6/6
  1496 | D:2      | Reached skill level 1 in Armour
  1877 | D:2      | Reached XP level 5. HP: 21/37 MP: 7/7
  3074 | D:3      | Found a runed translucent door.
  3075 | D:3      | Noticed Crazy Yiuf
  3123 | D:3      | Noticed Ijyb
  3582 | D:3      | Killed Ijyb
  3593 | D:3      | Reached XP level 6. HP: 21/44 MP: 8/8
  4419 | D:4      | Reached skill level 1 in Maces & Flails
  4488 | D:4      | Got a heavily runed silver ring
  4574 | D:4      | Noticed an ogre
  4580 | D:4      | Killed an ogre
  4678 | D:4      | Reached XP level 7. HP: 34/51 MP: 9/9
  5137 | D:5      | Entered Level 5 of the Dungeon
  5139 | D:5      | HP: 2/51 [poisoned by a worker ant]
  5503 | D:5      | Found an ornate altar of the Wu Jian Council.
  5699 | D:4      | Identified the ring "Babaathro" {rC+ Stlth+} (You found it
                  | on level 4 of the Dungeon)
  5934 | D:5      | Noticed Dowan
  5935 | D:5      | Noticed Duvessa
  5945 | D:5      | HP: 2/51 [killer bee (6)]
  5945 | D:5      | Slain by a killer bee

Skill      XL: |  1  2  3  4  5  6  7 |
---------------+----------------------+-----
Short Blades   | 2 3 |  3.2
Armour         | 1 2 |  2.9
Fighting       | 2 |  2.8
Maces & Flails | 1 2 |  2.6
Dodging        | 3 |  3.7
Stealth        | |  1.6
Evocations     | |  3.9

Action                   |  1- 3 |  4- 6 |  7- 9 || total
-------------------------+-------+-------+-------++-------
Melee: Short sword       |   106 |   140 |       ||   246
       Whip              |       |    86 |   108 ||   194
Evoke: Wand              |     8 |    15 |     1 ||    24
  Use: Scroll            |       |       |     3 ||     3
       Potion            |       |       |     3 ||     3
 Stab: Sleeping          |       |     4 |     1 ||     5
  Eat: Chunk             |     1 |    10 |     5 ||    16
Armor: Leather armour    |    33 |    33 |    29 ||    95
Dodge: Dodged            |   116 |   129 |    72 ||   317
